 Dungeon Crawl Stone Soup version 0.23-a0-305-g7ffd15e (webtiles) character file.

83501 namelastname112 the Fencer (level 15, 0/98 HPs)
             Began as a Red Draconian Wanderer on Oct 9, 2018.
             Was an Initiate of Gozag.
             Slain by a chaos spawn (3 damage)
             ... on level 2 of the Abyss.
             The game lasted 01:15:31 (31633 turns).

namelastname112 the Fencer (DrWn)                  Turns: 31633, Time: 01:15:32

Health: 0/98       AC: 13    Str: 11      XL:     15   Next: 32%
Magic:  11/11      EV: 19    Int:  7 (8)  God:    Gozag
Gold:   1085       SH:  0    Dex: 12 (13) Spells: 16/16 levels left

rFire    + + .     SeeInvis +   N - +0 great sword
rCold    + + +     Gourm    .   (shield currently unavailable)
rNeg     . . .     Faith    .   (armour unavailable)
rPois    +         Spirit   .   B - +0 hat of Supple Strength {rPois Regen+ Str-3 SInv}
rElec    .         Reflect  .   F - scarf {rC+ rF+}
rCorr    .         Harm     .   T - +2 pair of gloves {Dex+3}
MR       +....     Rnd*Rage +   m - +0 pair of boots {Stlth+} Stlth +++++.....Rnd*Tele +
                                (no amulet)
HPRegen  0.66/turn              o - ring of protection from cold
MPRegen  0.12/turn              J - ring of Shadows {Umbra +Inv Stlth+}

@: lethally poisoned (0 -> 0), berserk cooldown, slowed, wreathed by umbra, very
slow
A: breathe fire, unfitting armour, [berserk 2], [blurry vision 3], [clumsy 2],
cold resistance 1, [deterioration 2], [dopey 2], fire resistance 1, [frail 3],
[low mp 3], [screaming 3], [teleportitis 2], [weak 2], [no potion heal 3],
cold-blooded, subdued magic 1[+2], AC +9
a: Breathe Fire, Potion Petition, Call Merchant, Bribe Branch, Renounce
Religion, Evoke Invisibility


You were on level 2 of the Abyss.
You worshipped Gozag.
Gozag was most pleased with you.
You were hungry.

You visited 5 branches of the dungeon, and saw 25 of its levels.
You visited the Abyss 1 time.
You visited 1 bazaar.
You also visited: Labyrinth and Ice Cave.

You collected 8004 gold pieces.
You spent 756 gold pieces at shops.
You paid 6163 gold pieces to Gozag.

Inventory:

Hand Weapons
 N - a +0 great sword (weapon)
 Q - a +2 scimitar of holy wrath
Missiles
 G - 2 throwing nets (quivered)
Armour
 m - a +0 pair of boots of stealth (worn)
 v - the +3 crown of Dyrovepreva {rElec Int+2 SInv}
   (You found it in a labyrinth)

   It affects your intelligence (+2).
   It insulates you from electricity.
   It lets you see invisible.
 B - the +0 hat of Supple Strength (worn) {rPois Regen+ Str-3 SInv}
   (You bought it in a shop on level 7 of the Dungeon)

   It affects your strength (-3).
   It protects you from poison.
   It lets you see invisible.
   It increases your rate of regeneration.
 F - a scarf of resistance (worn)
 T - a +2 pair of gloves of dexterity (worn)
Jewellery
 o - a ring of protection from cold (left hand)
 p - an uncursed ring of ice
 J - the ring of Shadows (right hand) {Umbra +Inv Stlth+}
   (You found it on level 13 of the Dungeon)

   [ring of stealth]

   It lets you turn invisible.
   It makes you more stealthy.
 U - an uncursed ring of flight
Wands
 a - a wand of digging (7)
 h - a wand of flame (65)
 s - a wand of random effects (16)
 E - a wand of disintegration (3)
 P - a wand of clouds (5)
 S - a wand of iceblast (2)
Scrolls
 e - 2 scrolls of fog
 g - 7 scrolls of identify
 i - 2 scrolls of magic mapping
 j - 2 scrolls of enchant armour
 n - 3 scrolls of amnesia
 r - 4 scrolls of enchant weapon
 t - 2 scrolls of fear
 x - 12 scrolls of remove curse
 y - 11 scrolls of teleportation
 H - 2 scrolls of holy word
 I - 2 scrolls of blinking
 L - 2 scrolls of silence
 O - a scroll of immolation
 Y - 2 scrolls of brand weapon
 Z - a scroll of summoning
Potions
 b - 6 potions of mutation
 c - 10 potions of curing
 d - 4 potions of might
 k - 4 potions of agility
 l - 5 potions of haste
 q - a potion of resistance
 u - 2 potions of flight
 w - 4 potions of brilliance
 A - 4 potions of heal wounds
 C - 2 potions of cancellation
 K - a potion of ambrosia
 M - 3 potions of magic
Miscellaneous
 z - a lamp of fire (inert)
Comestibles
 f - 18 rations


   Skills:
 + Level 15.6 Fighting
 * Level 17.4 Long Blades
   Level 1.0 Polearms
 + Level 13.2 Dodging
 - Level 1.7 Stealth
 - Level 1.0 Spellcasting
   Level 1.0 Summonings
   Level 1.0 Earth Magic
 - Level 1.0 Evocations


You had 16 spell levels left.
You didn't know any spells.
Your spell library contained the following spells:

 Spells                   Type           Power        Failure   Level  Hunger
 Sandblast                Erth           #.....       17%         1    ##.....
 Animate Skeleton         Necr           N/A          26%         1    ##.....
 Flame Tongue             Conj/Fire      #....        26%         1    ##.....
 Freeze                   Ice            #...         26%         1    ##.....
 Magic Dart               Conj           #...         26%         1    ##.....
 Pain                     Necr           #...         26%         1    ##.....
 Sting                    Conj/Pois      #...         26%         1    ##.....
 Call Imp                 Summ           #.......     26%         2    ###....
 Passwall                 Tmut/Erth      #.......     32%         2    ###....
 Blink                    Tloc           N/A          41%         2    ###....
 Poisonous Vapours        Pois/Air       #.....       41%         2    ###....
 Shroud of Golubria       Chrm/Tloc      #.........   41%         2    ###....
 Slow                     Hex            #.......     41%         2    ###....
 Throw Flame              Conj/Fire      #.....       41%         2    ###....
 Throw Frost              Conj/Ice       #.....       41%         2    ###....
 Stone Arrow              Conj/Erth      #.....       58%         3    ####...
 Conjure Flame            Conj/Fire      #.......     65%         3    ####...
 Gell's Gravitas          Tloc           #.........   65%         3    ####...
 Ignite Poison            Fire/Tmut/Pois #.......     65%         3    ####...
 Inner Flame              Hex/Fire       #.......     65%         3    ####...
 Lesser Beckoning         Tloc           #.........   65%         3    ####...
 Mephitic Cloud           Conj/Pois/Air  #.......     65%         3    ####...
 Ozocubu's Armour         Chrm/Ice       #.......     65%         3    ####...
 Regeneration             Chrm/Necr      #.........   65%         3    ####...
 Static Discharge         Conj/Air       #.......     65%         3    ####...
 Teleport Other           Tloc           #.......     65%         3    ####...
 Vampiric Draining        Necr           #.........   65%         3    ####...
 Petrify                  Tmut/Erth      #.......     95%         4    #####..
 Summon Ice Beast         Ice/Summ       #.......     95%         4    #####..
 Animate Dead             Necr           N/A          97%         4    #####..
 Ice Form                 Ice/Tmut       #.......     97%         4    #####..
 Passage of Golubria      Tloc           N/A          97%         4    #####..
 Sticky Flame             Conj/Fire      #.......     97%         4    #####..
 Throw Icicle             Conj/Ice       #.......     97%         4    #####..
 Lee's Rapid Deconstruct  Erth           #.........   99%         5    ######.
 Fireball                 Conj/Fire      #.........   100%        5    ######.
 Bolt of Fire             Conj/Fire      #.........   100%        6    #######
 Freezing Cloud           Conj/Ice/Air   #.........   100%        6    #######
 Ring of Flames           Chrm/Fire      #.........   100%        7    #######


Dungeon Overview and Level Annotations

Branches:
Dungeon (15/15)            Temple (1/1) D:5            Lair (6/6) D:8
  Swamp (0/4) Lair:2        Snake (1/4) Lair:4        Slime (0/5) Lair:6
    Orc (2/2) D:11            Elf (0/3) Orc:2        Vaults (0/5) D:13
 Depths: D:15

Altars:
Ashenzari
Dithmenos
Elyvilon
Fedhas
Gozag
Hepliaklqana
Kikubaaqudgha
Makhleb
Nemelex Xobeh
Okawaru
Qazlal
Ru
Sif Muna
Trog
Vehumet
Wu Jian
Xom
Yredelemnul
Zin
The Shining One
Beogh

Shops:
D:7 [   D:9 =   Orc:2 *(![[([   Lair:3 [   Snake:1 [

Annotations:
D:13 exclusion: orange crystal statue
D:15 Louise


Innate Abilities, Weirdness & Mutations

You can breathe blasts of fire.
Your fiery red scales are hard. (AC +9)
You cannot fit into any form of body armour.
Your flesh is heat resistant. (rF+)
You are cold-blooded and may be slowed by cold attacks.
Your flesh is cold resistant. (rC+)
[You often lose your temper in combat.]
[Scrolls take you much longer to read.]
[You are very clumsy. (Dex -4)]
[Your body often deteriorates upon taking damage.]
[You are very dopey. (Int -4)]
[You are extremely frail. (-30% HP)]
[Your magical capacity is extremely low. (-30% MP)]
[You frequently scream uncontrollably at your foes.]
[You are sometimes teleported next to monsters.]
[You are very weak. (Str -4)]
[Potions cannot restore your health.]
[Your spells are much easier to cast, but much less powerful.]


Message History

The chaos spawn hits you.
* * * LOW HITPOINT WARNING * * *
You are engulfed in flames.
You resist.
* * * LOW HITPOINT WARNING * * *
You take 28 damage, and have 14/98 hp.
MASSIVE DAMAGE!!
Really read with blurry vision while enemies are nearby? [Y]es or [N]o only, please.
Really read with blurry vision while enemies are nearby? [Y]es or [N]o only, please.
Really read with blurry vision while enemies are nearby? [Y]es or [N]o only, please.
Really read with blurry vision while enemies are nearby?
The chaos spawn hits you!
* * * LOW HITPOINT WARNING * * *
You are engulfed in flames.
You resist.
* * * LOW HITPOINT WARNING * * *
You begin reading the scroll.
You continue reading the scroll.
The chaos spawn gores you.
You die...
Your body crumbles into a pile of gold.

. .# .. ..##.##
##.##....# . ..
#.#.#.####.......# .
#.##..#...#.4.#..###
. . ..##$...####*# #
. ###$$.$##..#.#G#
#. ..$.$...#.* ## .
..#.$..(*#### ..#.#
..#4#.# #..#.
#..#.@.# ##.
...#.##.#...# ..#.#
# ...##.....# . ...
.#.#.. ###.## ##..
...#.#. .# . ..# #.#
# . . #. # ## . .#.
# # . . ###


You could see a wretched star and a chaos spawn.

Vanquished Creatures
  An Ice Fiend (IceCv)
  An orc warlord (D:10)
  A minotaur (Lab)
  An ettin (Orc:2)
  Josephine (D:13)
  3 vault guards (D:13)
  2 hydras
  Harold (D:10)
  A death knight (D:13)
  A catoblepas (D:14)
  2 centaur warriors (D:14)
  2 two-headed ogres
  Urug (Lair:2)
  A tengu warrior (D:14)
  2 wretched stars (Abyss:2)
  A sixfirhy (Abyss:2)
  2 unseen horrors (Lab)
  A lindwurm (Lair:6)
  8 orc knights (Orc:2)
  An orange crystal statue (Lair:3)
  Pikel (D:6)
  2 oklob plants (Lair:1)
  A wolf spider zombie (D:12)
  A salamander (shapeshifter) (D:14)
  2 orc sorcerers (Orc:2)
  3 manticores
  2 salamanders (Snake:1)
  A cyclops (Orc:1)
  2 centaur zombies
  8 black mambas
  An ice statue (IceCv)
  A gargoyle (D:12)
  A smoke demon (Abyss:2)
  An orange demon (Abyss:2)
  7 spiny frogs
  2 kobold demonologists
  5 rime drakes
  8 freezing wraiths
  2 komodo dragons
  4 anaconda simulacra (IceCv)
  6 ice devils (IceCv)
  A tengu conjurer (D:14)
  A golden dragon simulacrum (IceCv)
  5 polar bears
  3 meliai (D:14)
  6 trolls
  6 hornets (Lair:6)
  21 blink frogs
  2 bog bodies (Lair:2)
  13 hippogriffs
  3 slime creatures (Lair:6)
  A shadow (D:13)
  Sigmund (D:6)
  6 wraiths
  38 yaks
  A vampire (D:12)
  2 wyverns
  11 spriggans (Lair:6)
  3 basilisks
  A water elemental (D:11)
  5 hungry ghosts
  A large abomination (Abyss:2)
  6 vampire mosquitoes
  11 wargs
  7 harpy simulacra (IceCv)
  Edmund (D:6)
  2 hydra simulacra (IceCv)
  4 iron troll simulacra (IceCv)
  4 water moccasins
  3 swamp worms (Lair:2)
  An acid dragon (D:11)
  5 porcupines
  36 orc warriors
  3 sky beasts
  An ettin simulacrum (IceCv)
  8 ice beasts
  8 black bears
  An eye of draining (D:9)
  4 boggarts (Lair:6)
  16 ogres
  2 phantoms
  7 centaurs
  23 wolves
  11 crocodiles
  2 big kobolds
  16 bullfrogs
  A wyvern skeleton (D:14)
  2 small abominations (Abyss:2)
  6 scorpions
  11 killer bees
  11 wights
  A howler monkey (D:9)
  2 electric eels
  10 crimson imps
  A bullfrog zombie (D:12)
  3 draconian simulacra (IceCv)
  A quasit (Abyss:2)
  A bullfrog skeleton (D:9)
  19 orc wizards
  5 jellies
  14 orc priests
  A centaur skeleton (D:11)
  6 hounds
  6 iguanas
  Jessica (D:2)
  6 worker ants
  A spriggan simulacrum (IceCv)
  3 troll simulacra (IceCv)
  A wolf simulacrum (IceCv)
  3 centaur simulacra (IceCv)
  A hound skeleton (D:9)
  7 gnolls
  16 adders
  A naga simulacrum (IceCv)
  An ogre simulacrum (IceCv)
  3 shadow imps
  6 white imps
  9 ufetubi (IceCv)
  2 oozes
  3 adder skeletons
  An adder zombie (D:6)
  5 dart slugs
  3 worms
  8 leopard geckos
  84 orcs
  2 ball pythons
  A bat (D:3)
  4 giant cockroaches
  9 goblins
  8 hobgoblins
  5 jackals
  8 quokkas
  8 frilled lizards
  A jackal skeleton (D:9)
  10 kobolds
  A leopard gecko skeleton (D:4)
  3 rats
  A butterfly (Lair:4)
735 creatures vanquished.

Vanquished Creatures (others)
  A deep troll earth mage (D:10)
  A kobold demonologist (D:9)
  A hungry ghost (D:9)
  4 slaves (D:6)
  A killer bee (D:9)
  A centaur skeleton (D:6)
  An adder (D:6)
  An adder zombie (D:6)
  A dart slug (D:2)
  A goblin (D:2)
  A quokka (D:2)
  7 fungi
  4 plants
25 creatures vanquished.

Grand Total: 760 creatures vanquished

Notes
Turn   | Place    | Note
-------+----------+-------------------------------------------
     0 | D:1      | namelastname112 the Draconian Wanderer began the quest for
                  | the Orb.
     0 | D:1      | namelastname112 set off with: a +2 spear, a potion of
                  | curing, a +0 dagger, a ration
     0 | D:1      | Reached XP level 1. HP: 19/19 MP: 2/2
   160 | D:1      | Reached skill level 1 in Dodging
   160 | D:1      | Reached XP level 2. HP: 23/27 MP: 3/3
   461 | D:1      | Reached XP level 3. HP: 28/33 MP: 4/4
   680 | D:2      | Noticed Jessica
   691 | D:2      | Killed Jessica
  1033 | D:2      | Reached XP level 4. HP: 41/41 MP: 5/5
  1116 | D:2      | Found a stormy altar of Qazlal.
  1119 | D:2      | Found an ornate altar of the Wu Jian Council.
  1153 | D:2      | Reached skill level 5 in Fighting
  1153 | D:2      | Reached XP level 5. HP: 45/48 MP: 6/6
  1265 | D:2      | Found a white marble altar of Elyvilon.
  1931 | D:3      | Noticed an ice beast
  2083 | D:3      | Killed an ice beast
  2083 | D:3      | Reached XP level 6. HP: 57/57 MP: 7/7
  3086 | D:4      | Your scales start taking on a fiery red colour.
  3086 | D:4      | Reached XP level 7. HP: 45/64 MP: 8/8
  3086 | D:4      | Gained mutation: Your flesh is heat resistant. (rF+) [Red
                  | Draconian growth]
  3178 | D:4      | Found an opulent altar of Gozag.
  3178 | D:4      | Found a sparkling altar of Nemelex Xobeh.
  3822 | D:4      | Reached skill level 5 in Dodging
  4129 | D:5      | Entered Level 5 of the Dungeon
  4418 | D:5      | Reached XP level 8. HP: 36/74 MP: 9/9
  5123 | D:6      | Noticed Pikel
  5144 | D:6      | Killed Pikel
  5144 | D:6      | Reached skill level 3 in Long Blades
  5217 | D:6      | Noticed Edmund
  5241 | D:6      | Found a sand-covered staircase.
  5248 | D:6      | Killed Edmund
  5248 | D:6      | Reached skill level 4 in Long Blades
  5776 | D:6      | Noticed Sigmund
  5780 | D:6      | Killed Sigmund
  5780 | D:6      | Reached skill level 5 in Long Blades
  5780 | D:6      | Reached XP level 9. HP: 73/83 MP: 8/10
  6620 | D:7      | Found Nidirhas's Armour Emporium.
  6625 | D:7      | Bought the +0 hat of Supple Strength {rPois Regen+ Str-3
                  | SInv} for 157 gold pieces
  7137 | D:7      | Reached skill level 6 in Long Blades
  7378 | D:5      | Found a staircase to the Ecumenical Temple.
  7386 | Temple   | Entered the Ecumenical Temple
  7556 | D:4      | Became a worshipper of Gozag Ym Sagoz the Greedy
  7948 | D:8      | Reached skill level 7 in Long Blades
  8110 | D:8      | Found a staircase to the Lair.
  8359 | D:8      | Reached skill level 10 in Fighting
  8548 | D:9      | Noticed a two-headed ogre
  8556 | D:9      | Reached XP level 10. HP: 93/93 MP: 11/11
  8570 | D:9      | Killed a two-headed ogre
  8570 | D:9      | Reached skill level 8 in Long Blades
  8884 | D:9      | Got a scorched dagger
  8885 | D:9      | Identified the +4 dagger of Imbalance {distort, *Slow +Fly
                  | rPois SInv} (You found it on level 9 of the Dungeon)
  9152 | D:9      | Reached skill level 9 in Long Blades
  9404 | D:10     | Entered Level 10 of the Dungeon
  9761 | D:10     | Noticed Harold
  9827 | D:10     | Killed Harold
  9874 | D:10     | Noticed an orc warlord
  9875 | D:10     | Noticed a deep troll earth mage
 10396 | D:10     | Banished a deep troll earth mage
 10396 | D:10     | Reached skill level 10 in Long Blades
 10396 | D:10     | Reached XP level 11. HP: 84/102 MP: 12/12
 10645 | D:10     | Found a shadowy altar of Dithmenos.
 10730 | D:10     | Killed an orc warlord
 10808 | D:10     | Gained mutation: Your flesh is cold resistant. (rC+)
                  | [mutagenic glow]
 10847 | D:10     | Gained mutation: [Your spells are a little easier to cast,
                  | but a little less powerful.] [mutagenic glow]
 11179 | D:11     | Noticed a sixfirhy
 11550 | D:11     | Found a staircase to the Orcish Mines.
 11578 | D:11     | Reached skill level 11 in Long Blades
 12592 | D:12     | Noticed a two-headed ogre
 12810 | Orc:1    | Entered Level 1 of the Orcish Mines
 13001 | D:12     | Killed a two-headed ogre
 13799 | D:13     | Noticed an orange crystal statue
 13801 | D:13     | Found the ring of Shadows {Umbra +Inv Stlth+}
 13818 | D:13     | Noticed Josephine
 13836 | D:13     | Killed Josephine
 13836 | D:13     | Reached skill level 12 in Long Blades
 13836 | D:13     | Reached skill level 10 in Dodging
 13836 | D:13     | Reached XP level 12. HP: 42/112 MP: 5/13
 13841 | D:13     | Noticed a death knight
 14240 | D:13     | Killed a death knight
 14573 | D:13     | Noticed a vault guard
 14655 | D:13     | Noticed a vault guard
 14681 | D:13     | Killed a vault guard
 14771 | D:13     | Found a gate to the Vaults.
 14779 | D:13     | Noticed a vault guard
 14787 | D:13     | Noticed a five-headed hydra
 14815 | D:13     | Killed a vault guard
 15126 | D:13     | Noticed a vault guard
 15154 | D:13     | Killed a vault guard
 15706 | D:14     | Reached skill level 13 in Long Blades
 15824 | D:14     | Found a flickering gateway to a bazaar.
 15824 | D:14     | Noticed a centaur warrior
 15857 | D:14     | Killed a centaur warrior
 15868 | D:14     | Goblin1989: а денег-то нет :(
 15895 | Bazaar   | Entered a bazaar
 15896 | Bazaar   | namelastname112: ниче страшного
 15974 | Bazaar   | Found Caoskimo's Jewellery Boutique.
 15978 | Bazaar   | Found Cezicwoi's Jewellery Boutique.
 15978 | Bazaar   | Found Biuso's Weapon Boutique.
 15979 | Bazaar   | Found Myes Xah's Assorted Antiques.
 15994 | Bazaar   | Bought a scroll labeled JUGISA ARILAISIB for 35 gold pieces
 15994 | Bazaar   | Bought a scroll of magic mapping for 122 gold pieces
 15994 | Bazaar   | Bought a pair of runed boots for 262 gold pieces
 16203 | D:14     | Goblin1989: &dump goblin1989
 16217 | D:14     | beem:
                  | http://CRAWL.XTAHUA.COM/crawl/morgue/Goblin1989/Goblin1989.
                  | txt
 16220 | D:14     | Got a warped hunting sling
 16224 | D:14     | Identified the cursed +1 hunting sling "Giantbane" {speed,
                  | rC+ MR+ Int+3} (You found it on level 14 of the Dungeon)
 16227 | D:14     | Goblin1989: я тут тоже с гозагом играю, но мне лень
 16356 | D:14     | Noticed a catoblepas
 16365 | D:14     | Noticed a centaur warrior
 16440 | D:14     | Noticed a tengu warrior
 16607 | Lair:1   | Entered Level 1 of the Lair of Beasts
 16919 | Lair:1   | Goblin1989: я даже решился использовать статую, а не носить
                  | тяжелую броньку, и у меня пока получается даже
 17068 | Lair:1   | namelastname112: ну норма
 17068 | Lair:1   | namelastname112: с
 17068 | Lair:1   | namelastname112: мне бы пушку нормальную сейчас
 17068 | Lair:1   | namelastname112: и бронь какую
 17087 | Lair:1   | Goblin1989: накопи денег и магаз попроси
 17152 | Lair:1   | Goblin1989: я почти всегда за гозага первым магазином беру
                  | вёпоны
 17812 | Lair:1   | Goblin1989: не беру только если какой-нибудь артифактный
                  | заманчивый предлагается еще или магазов с вёпонами не
                  | предлагают
 18095 | Lair:2   | Reached XP level 13. HP: 91/122 MP: 14/14
 18471 | Lair:2   | Found a staircase to the Swamp.
 18471 | Lair:2   | Reached skill level 14 in Long Blades
 18548 | Lair:2   | Goblin1989: !lg . drtm place=lair:6
 18557 | Lair:2   | beem: 2. Goblin1989 the Brawler (L14 DrTm of Gozag),
                  | blasted by a hell hound (blast of flame) on Lair:6
                  | (hangedman_lair_caniforms_friends) on 2017-12-01 10:02:25,
                  | with 68193 points after 23478 turns and 2:12:13.
 18791 | Lair:2   | Noticed Urug
 18885 | Lair:2   | Goblin1989: мне вот этого дракошку жалко до сих пор, убил
                  | его по тупости своей
 19248 | Lair:2   | Killed Urug
 19302 | Lair:2   | Goblin1989: а дизентеграция?
 19550 | Lair:2   | namelastname112: мра много у нее скорее всего
 21298 | Lair:4   | Found a staircase to the Snake Pit.
 21748 | Snake:1  | Entered Level 1 of the Snake Pit
 21753 | Snake:1  | Found Zaqihut's Antique Armour Emporium.
 21766 | Snake:1  | Goblin1989: ты чего сразу к нагам полез?
 21805 | Snake:1  | Reached skill level 15 in Long Blades
 21882 | Snake:1  | Found a frozen archway.
 21888 | IceCv    | Entered an ice cave
 22830 | IceCv    | namelastname112: случайно
 22867 | IceCv    | Goblin1989: лол
 23277 | IceCv    | Reached XP level 14. HP: 110/132 MP: 15/15
 23508 | IceCv    | Noticed an Ice Fiend
 23587 | IceCv    | Killed an Ice Fiend
 23657 | IceCv    | Got a twisted hat
 23692 | IceCv    | Identified the +0 hat "Gagyrch" {Int+4} (You found it in an
                  | ice cave)
 23737 | IceCv    | Goblin1989: стаф чекни
 23828 | IceCv    | namelastname112: зачем мне
 23833 | Snake:1  | Goblin1989: на всякий случай
 25006 | Lair:6   | Entered Level 6 of the Lair of Beasts
 25249 | Lair:6   | Found a staircase to the Slime Pits.
 25364 | Lair:6   | Reached skill level 16 in Long Blades
 26134 | Lair:6   | Goblin1989: можно магаз брать с вёпонами
 26152 | Lair:6   | Goblin1989: 1800
 26152 | Lair:6   | namelastname112: орки скоро
 26152 | Lair:6   | namelastname112: подожду
 26165 | Lair:6   | Goblin1989: хм
 26617 | Lair:6   | Reached skill level 15 in Fighting
 26762 | Lair:6   | Goblin1989: ванда рандома не дигает больше, если что
 26767 | Lair:6   | namelastname112: ??riposte
 26767 | Lair:6   | beem: riposte[1/3]: New mechanic in 0.19. Long blades & the
                  | {fencer's gloves} give a 33% chance to retaliate when
                  | enemies miss you, giving you an automatic free attack.
                  | Monsters aren't cool enough to riposte.
 27518 | Orc:1    | Found a radiant altar of Vehumet.
 27735 | Orc:2    | Entered Level 2 of the Orcish Mines
 27778 | Orc:2    | Found a labyrinth entrance.
 27787 | Lab      | Entered a labyrinth
 27820 | Lab      | Goblin1989: еще и минотавр
 28359 | Lab      | Goblin1989: рпоиз
 28386 | Lab      | Identified the Disquisition on Icy Attacks
 28387 | Lab      | Found the +3 crown of Dyrovepreva {rElec Int+2 SInv}
 28429 | Lab      | Goblin1989: о
 28429 | Lab      | Goblin1989: корона - это хорошо
 28429 | Lab      | namelastname112: да у меня есть шляпа уже так-то
 28429 | Lab      | namelastname112: но эта тоже пойдет
 28429 | Lab      | Goblin1989: больше не меньше
 28431 | Orc:2    | namelastname112: бля
 28431 | Orc:2    | namelastname112: забыл двери посмотреть
 28431 | Orc:2    | namelastname112: ну не суть
 28476 | Orc:2    | Paralysed by an orc sorcerer for 5 turns
 28481 | Orc:2    | Goblin1989: я переззагружу страницу, у меня заглючило
 28560 | Orc:2    | Goblin1989: о, разглючило
 28590 | Orc:2    | Goblin1989: не нужно уже
 28604 | Orc:2    | Goblin1989: о_О
 29290 | Orc:2    | Found a staircase to the Elven Halls.
 29421 | Orc:2    | Reached XP level 15. HP: 128/141 MP: 16/16
 29429 | Orc:2    | Reached skill level 17 in Long Blades
 29908 | Orc:2    | Found a roughly hewn altar of Beogh.
 29917 | Orc:2    | Found Eteczenyots's Antique Weapon Shoppe.
 29917 | Orc:2    | Found Rilysicu's General Store.
 30242 | Orc:2    | Found Paothyja's Antique Armour Shoppe.
 30242 | Orc:2    | Found Iluo's Distillery.
 30257 | Orc:2    | Bought a potion of heal wounds for 60 gold pieces
 30257 | Orc:2    | Bought 2 potions of heal wounds for 120 gold pieces
 31351 | D:14     | Goblin1989: меня тут приглючило слегка, что в магазах было?
 31361 | D:14     | namelastname112: говно с начинкой из говна
 31390 | D:15     | Entered Level 15 of the Dungeon
 31412 | D:15     | Noticed Louise
 31420 | D:15     | Cast into level 2 of the Abyss (Louise)
 31437 | Abyss:2  | Goblin1989: 3к на говно потралтил? печаль. :(
 31632 | Abyss:2  | HP: 4/98 [chaos spawn (11)]
 31633 | Abyss:2  | Slain by a chaos spawn

Vault maps used:
D:1:      dpeg_arrival_stonehenge_8_columns, minivault_25
D:2:      cheibrodos_pilgrimage, elyvilon_altar_4,
          nicolae_overflow_hidden_temple, grunt_temple_overflow_open,
          uniq_jessica
D:4:      grunt_temple_overflow_opulence, hangedman_minor_gate_pass
D:5:      minmay_temple_entry_from_below_b, first_ration
D:6:      nicolae_ossuary_entry_false_entrances, uniq_edmund, uniq_pikel,
          uniq_sigmund
D:7:      serial_shops, kennysheep_little_box
D:8:      david_lair_generic, abandoned_shop
D:10:     basic_altar, grunt_pizzeria, wad_scary_box, uniq_harold
D:11:     minmay_orc_entry_guard_dogs
D:12:     minmay_nine_imps
D:13:     lightli_vaults_fourway_checkpoint, minmay_protected_statue,
          uniq_josephine
D:14:     hangedman_abyss_or_decor_stagger, serial_shops, bzr_entry_customers
D:15:     hangedman_slaughterboxes, serial_shops, uniq_louise
Temple:   nicolae_temple_great_sept
Lair:1:   minivault_19, minivault_27, minmay_lair_oklob_chamber
Lair:2:   nicolae_swamp_entry_splash_gauntlet, forest_entry_grove, uniq_urug
Lair:3:   statuecave_lemuel, lemuel_old_faithful
Lair:4:   dummy_snake_entry, serial_bayou_shore_a, lemuel_fruit_fields
Lair:5:   grunt_forest_stairs_basic
Lair:6:   minmay_lair_end_enchanted_forest, minmay_slime_entry_pillars,
          lemuel_fruit_tree
Snake:1:  serial_shops, shop, portal_ice_cave_entry_horrid_things,
          basic_loot_grate_trap, st_stairs_11
Orc:1:    basic_altar
Orc:2:    st_orc_town, lab_entry_generic, nicolae_orc_pool_cavern
Lab:      labyrinth_hidden_loot, nicolae_lab_swirl, nicolae_lab_t_cross,
          lab_hedge
Bazaar:   bazaar_minmay_cross
IceCv:    ice_cave_caverns_01

Skill      XL: |  1  2  3  4  5  6  7  8  9 10 11 12 13 14 15 |
---------------+----------------------------------------------+-----
Dodging        | 1 2 3 4 5 6 7 9 10 11 12 13 | 13.2
Fighting       | 4 5 6 8 9 10 11 12 13 14 15 | 15.6
Long Blades    | 5 7 10 12 13 15 16 17 | 17.4
Polearms       | |  1.0
Stealth        | |  1.7
Spellcasting   | |  1.0
Summonings     | |  1.0
Earth Magic    | |  1.0
Evocations     | |  1.0

Action                   |  1- 3 |  4- 6 |  7- 9 | 10-12 | 13-15 || total
-------------------------+-------+-------+-------+-------+-------++-------
Melee: Spear             |    78 |   201 |   195 |       |       ||   474
       Tailslap          |     2 |    23 |    55 |   164 |   417 ||   661
       Flail             |       |       |   197 |    34 |       ||   231
       Dagger            |       |       |       |   200 |       ||   200
       Long sword        |       |       |       |   656 |   294 ||   950
       Scimitar          |       |       |       |    90 |  1464 ||  1554
       Great sword       |       |       |       |       |   302 ||   302
Invok: Potion Petition   |       |       |       |     2 |     2 ||     4
       Call Merchant     |       |       |       |     1 |     4 ||     5
 Abil: Breathe Fire      |       |       |    11 |    34 |    41 ||    86
       Evoke Flight      |       |       |       |       |     1 ||     1
Evoke: Wand              |     3 |     9 |       |    24 |    20 ||    56
       Lamp of fire      |       |       |       |     2 |     2 ||     4
  Use: Scroll            |       |       |    17 |    15 |     8 ||    40
       Potion            |       |       |       |     2 |     7 ||     9
 Stab: Sleeping          |     1 |     1 |     5 |     8 |    36 ||    51
       Distracted        |       |       |     1 |     5 |    15 ||    21
       Invisible         |       |       |       |    11 |     2 ||    13
  Eat: Chunk             |       |     7 |    23 |       |       ||    30
       Ration            |       |       |       |    11 |    18 ||    29
Armor: Skin              |     8 |    45 |    94 |   161 |   270 ||   578
Dodge: Dodged            |    34 |   115 |   315 |   902 |  1762 ||  3128
       Rpst.: Long sword |       |       |       |   147 |    59 ||   206
       Scimitar          |       |       |       |    28 |   342 ||   370
       Great sword       |       |       |       |       |    57 ||    57

Table legend:
 A = Non-vault XP
 B = Vault XP
 C = Vault XP percentage of total XP
 D = Non-vault monster count
 E = Vault monster count
 F = Vault count percentage of total count
                 A         B        C        D         E       F
            +---------+---------+-------+---------+---------+-------
      Total |   67094 |   52194 |  43.8 |     488 |     250 |  33.9
            +---------+---------+-------+---------+---------+-------
        D:1 |      45 |       0 |   0.0 |      21 |       0 |   0.0
        D:2 |     128 |     128 |  50.0 |      23 |       6 |  20.7
        D:3 |     244 |       0 |   0.0 |      22 |       0 |   0.0
        D:4 |     445 |      85 |  16.0 |      25 |       4 |  13.8
        D:5 |     497 |       0 |   0.0 |      14 |       0 |   0.0
        D:6 |     706 |    1011 |  58.9 |      13 |       3 |  18.8
        D:7 |     777 |       0 |   0.0 |      19 |       0 |   0.0
        D:8 |     641 |     765 |  54.4 |      11 |       4 |  26.7
        D:9 |    3540 |     213 |   5.7 |      42 |       2 |   4.5
       D:10 |     680 |    3938 |  85.3 |      12 |       7 |  36.8
       D:11 |    2455 |     489 |  16.6 |      21 |       3 |  12.5
       D:12 |    4214 |    1451 |  25.6 |      27 |      14 |  34.1
       D:13 |    2159 |    4980 |  69.8 |      11 |      10 |  47.6
       D:14 |    7707 |       4 |   0.1 |      24 |       2 |   7.7
       D:15 |       0 |     450 | 100.0 |       0 |       1 | 100.0
     Lair:1 |    3067 |    1386 |  31.1 |      17 |       4 |  19.0
     Lair:2 |    3733 |    2906 |  43.8 |      13 |      14 |  51.9
     Lair:3 |    3872 |     655 |  14.5 |      17 |       1 |   5.6
     Lair:4 |    7249 |       0 |   0.0 |      29 |       0 |   0.0
     Lair:5 |    4549 |       0 |   0.0 |      20 |       0 |   0.0
     Lair:6 |    8820 |    8379 |  48.7 |      32 |      46 |  59.0
    Snake:1 |    1468 |    1087 |  42.5 |       3 |       3 |  50.0
      Orc:1 |    1579 |       3 |   0.2 |      17 |       1 |   5.6
      Orc:2 |    4994 |    9220 |  64.9 |      46 |      59 |  56.2
    Abyss:2 |    3525 |       0 |   0.0 |       9 |       0 |   0.0
        Lab |       0 |    3423 | 100.0 |       0 |       7 | 100.0
      IceCv |       0 |   11621 | 100.0 |       0 |      59 | 100.0
            +---------+---------+-------+---------+---------+-------
